 Dungeon Crawl Stone Soup version 0.27.1-33-g824d729ab1 (webtiles) character file.

Game seed: 10651069769179903713

53 pkoi the Insei (level 3, 0/31 HPs)
             Began as a Draconian Monk on Dec 29, 2021.
             Slain by a gnoll (3 damage)
             ... on level 1 of the Dungeon.
             The game lasted 00:02:06 (2376 turns).

pkoi the Insei (Draconian Monk)                     Turns: 2376, Time: 00:02:06

Health: 0/31       AC:  6    Str: 13    XL:     3   Next: 62%
Magic:  3/3        EV: 12    Int: 17    God:
Gold:   50         SH:  0    Dex: 13    Spells: 2/2 levels left

rFire    . . .     SeeInvis .     - Unarmed
rCold    . . .     Faith    .   (no shield)
rNeg     . . .     Spirit   .   (armour unavailable)
rPois    .         Reflect  .   (helmet restricted)
rElec    .         Harm     .   c - +0 cloak
rCorr    .         Rampage  .   (no gloves)
Will     .....                  (no boots)
Stlth    ++........             (no amulet)
HPRegen  0.10/turn              d - +6 ring of intelligence
MPRegen  0.08/turn              (no ring)

@: no status effects
A: AC +5, unfitting armour, cold-blooded
a: no special abilities


You were on level 1 of the Dungeon.
You visited 1 branch of the dungeon, and saw 2 of its levels.

You collected 50 gold pieces.

Inventory:

Armour
 c - a +0 cloak (worn)
Jewellery
 d - a +6 ring of intelligence (left hand)
Scrolls
 a - a scroll of identify
Potions
 b - a potion of flight


   Skills:
 - Level 3.2 Fighting
 - Level 2.6 Dodging
 - Level 1.7 Stealth
 + Level 4.7 Unarmed Combat


You had 2 spell levels left.
You didn't know any spells.
Your spell library was empty.

Dungeon Overview and Level Annotations

Branches:
Dungeon (2/15)

Altars:


Innate Abilities, Weirdness & Mutations

Your plain brown scales are hard. (AC +5)
You cannot fit into any form of body armour.
You are cold-blooded and may be slowed by cold attacks.


Message History

There is a stone staircase leading down, spattered with blood here.
You climb downwards.
The gnoll hits you but does no damage. The gnoll hits you with a +0 flail.
There is a stone staircase leading up here.
Unknown command.
The gnoll barely misses you. The gnoll hits you with a +0 flail.
You climb upwards.
There is a stone staircase leading down, spattered with blood here.
You hit the gnoll.
Your tail-slap misses the gnoll.
The gnoll is lightly wounded.
The gnoll barely misses you.
You hit the gnoll but do no damage.
The gnoll is lightly wounded.
The gnoll hits you with a +0 flail!
* * * LOW HITPOINT WARNING * * *
You barely miss the gnoll.
The gnoll is lightly wounded.
The gnoll hits you with a +0 flail.
* * * LOW HITPOINT WARNING * * *
You barely miss the gnoll.
You tail-slap the gnoll, but do no damage.
The gnoll is lightly wounded.
The gnoll barely misses you.
You punch the gnoll!
The gnoll is severely wounded.
The gnoll hits you with a +0 flail!
* * * LOW HITPOINT WARNING * * *
Okay, then.
Okay, then.
Unknown command.
You aren't carrying any items that you can evoke.
Unknown command.
Okay, then.
Unknown command.
You hit the gnoll.
You kill the gnoll!
You hit the gnoll.
The gnoll is moderately wounded.
The gnoll hits you with a +0 flail.
You die...

#..........#####.#
#..........+...#.#
#..........###(#.# ##
#..............#.# #.
##########......#.# #.
#......†...####.#.# ###.
#.########.#....#'######...
#.# #....#g#...............
#.# #.#.##@#...............
#.###.#.#####..............
#.#........##..............
#.#.#.#.##.##..............
#.#.#.#....##..............
#.#.#.##################...
#####.#.#.....# #...
#.....#.#.###.# #...
#.###.#.#.....######## #...


You could see a gnoll.

Vanquished Creatures
  2 gnolls (D:1)
  2 ball pythons
  5 endoplasms
  A giant cockroach (D:1)
  3 goblins (D:2)
  A hobgoblin (D:2)
  5 jackals (D:1)
  A quokka (D:2)
  A bat (D:1)
  2 frilled lizards
  4 kobolds
  4 rats
31 creatures vanquished.

Notes
Turn   | Place    | Note
-------+----------+-------------------------------------------
     0 | D:1      | pkoi the Draconian Monk began the quest for the Orb.
     0 | D:1      | Reached XP level 1. HP: 19/19 MP: 1/1
   301 | D:1      | Reached XP level 2. HP: 8/26 MP: 2/2
  1523 | D:1      | Found a faded altar of an unknown god.
  1710 | D:2      | Reached skill level 4 in Unarmed Combat
  2025 | D:2      | Reached XP level 3. HP: 25/31 MP: 3/3
  2376 | D:1      | Slain by a gnoll

Illustrated notes

Levels and vault maps discovered:
D:1:      amcnicky_arrival_double_pillar, layout_basic, basic_ecumenical_altar
D:2:      layout_rooms

Skill      XL: |  1  2 |
---------------+-------+-----
Unarmed Combat | 4 |  4.7
Fighting       | |  3.2
Dodging        | |  2.6
Stealth        | |  1.7

Action                   || total
-------------------------++-------
Melee: Unarmed           ||   112
       Tailslap          ||    11
  Use: Scroll            ||     2
       Potion            ||     1
 Stab: Sleeping          ||     5
Armor: Skin              ||    20
Dodge: Dodged            ||    59
